 Dungeon Crawl Stone Soup version 0.28-a0-245-g639a1a48b9 (webtiles) character file.

Game seed: 5407345558167566991

60 GordonOverkill the Grave Robber (level 3, -1/15 HPs)
             Began as a Felid Necromancer on Aug 25, 2021.
             Slain by a kobold (3 damage)
             ... on level 2 of the Dungeon.
             The game lasted 00:03:35 (3257 turns).

GordonOverkill the Grave Robber (Felid Necromancer) Turns: 3257, Time: 00:03:36

Health: -1/15      AC:  1    Str:  4    XL:     3   Next: 80%
Magic:  5/7        EV: 18    Int: 17    God:
Gold:   59         SH:  0    Dex: 16    Spells: 5/6 levels left
                                        Lives:  0   Deaths: 0

rFire   . . .      SeeInvis +   (weapon unavailable)
rCold   . . .      Faith    .   (shield unavailable)
rNeg    . . .      Spirit   .   (armour unavailable)
rPois   .          Reflect  .   (helmet unavailable)
rElec   .          Harm     .   (cloak unavailable)
rCorr   .          Rampage  .   (gloves unavailable)
Will    .....                   (boots unavailable)
Stlth   +++.......              (no amulet)
HPRegen 0.05/turn               (no ring)
MPRegen 0.10/turn               (no ring)

@: quick
A: very small, claws 1, fangs 3, see invisible, speed 1, shaggy fur 1, stealthy
paws, no weapons or thrown items, no armour, multi-lived
a: no special abilities


You were on level 2 of the Dungeon.
You visited 1 branch of the dungeon, and saw 2 of its levels.

You collected 59 gold pieces.

Inventory:

Scrolls
 b - a scroll of fear {unknown}
Potions
 a - a potion of flight
 c - a potion of ambrosia
 d - a potion of lignification {unknown}
 e - a potion of invisibility {unknown}


   Skills:
 + Level 1.2 Fighting
 + Level 3.4 Dodging
 + Level 3.5 Stealth
 + Level 2.3 Spellcasting
 + Level 0.7 Summonings
 + Level 4.2 Necromancy


You had 5 spell levels left.
You knew the following spells:

 Your Spells              Type           Power      Damage    Failure   Level
a - Pain                  Necr           64%        1d7       3%          1

Your spell library contained the following spells:

 Spells                   Type           Power      Damage    Failure   Level
 Animate Skeleton         Necr           32%        N/A       3%          1
 Vampiric Draining        Necr           8%         2d7       10%         3
 Ensorcelled Hibernation  Hex/Ice        4%         N/A       28%         2
 Animate Dead             Necr           8%         N/A       32%         4
 Spider Form              Tmut/Pois      1%         N/A       50%         3
 Agony                    Necr           16%        N/A       65%         5
 Shadow Creatures         Summ           N/A        N/A       100%        6


Dungeon Overview and Level Annotations

Branches:
Dungeon (2/15)

Altars:


Innate Abilities, Weirdness & Mutations

You have sharp claws.
You have razor-sharp teeth.
You have supernaturally acute eyesight. (SInv)
You cover ground quickly. (Speed+)
You are covered in fur. (AC +1)
Your paws help you pounce on unaware monsters.
You are incapable of wielding weapons or throwing items.
You cannot wear armour.
You gain extra lives every three experience levels.


Message History

Casting: Pain (safe; 3% risk of failure)
Confirm with . or Enter, or press ? or * to list all spells.
Aiming: Pain (safe; 3% risk of failure)
Press: ? - help, Shift-Dir - straight line, f/p - worm
Aim: a worm (severely wounded, chance to affect: 81%)
The worm writhes in agony!
You kill the worm!
Casting: Pain (safe; 3% risk of failure)
Confirm with . or Enter, or press ? or * to list all spells.
You can't see any susceptible monsters within range! (Use Z to cast anyway.)
You start resting.
Your magical contamination has completely faded away.
You start resting.
Magic restored.
You start resting.
HP restored.
You see here a worm corpse.
A kobold is nearby!
The kobold shouts!
Casting: Pain (safe; 3% risk of failure)
Confirm with . or Enter, or press ? or * to list all spells.
You can't see any susceptible monsters within range! (Use Z to cast anyway.)
Casting: Pain (safe; 3% risk of failure)
Confirm with . or Enter, or press ? or * to list all spells.
You can't see any susceptible monsters within range! (Use Z to cast anyway.)
Casting: Pain (safe; 3% risk of failure)
Confirm with . or Enter, or press ? or * to list all spells.
Aiming: Pain (safe; 3% risk of failure)
Press: ? - help, Shift-Dir - straight line, f - worm
Aim: a worm (chance to affect: 81%)
The worm writhes in agony!
The worm bites you!
Ouch! That really hurt!
* * * LOW HITPOINT WARNING * * *
Casting: Pain (safe; 3% risk of failure)
Confirm with . or Enter, or press ? or * to list all spells.
Aiming: Pain (safe; 3% risk of failure)
Press: ? - help, Shift-Dir - straight line, f/p - worm
Aim: a worm (moderately wounded, chance to affect: 81%)
The worm writhes in agony.
The kobold hits you with a +0 dagger.
You die...

#### ###.... .......
....... #########K..#.
#....#..@..#>#w ..#######
#
#....#†##w..#............
# #....#.#
.........####..# #
#....#.# .........####..#
# #....'.#
#.#.#.#..K.K...#
#########....#### .#.#
#.####w...
................. ..
............
.#######.#.###### ##
#####)##.## .#.........#
########### #....w.


You could see a worm and a kobold.

Vanquished Creatures
  2 adders (D:2)
  A worm (D:2)
  2 bats (D:1)
  6 endoplasms
  3 giant cockroaches
  5 goblins
  3 hobgoblins (D:1)
  2 quokkas
  3 ball pythons (D:1)
  3 frilled lizards
  4 kobolds
  2 rats
36 creatures vanquished.

Notes
Turn   | Place    | Note
-------+----------+-------------------------------------------
     0 | D:1      | GordonOverkill the Felid Necromancer began the quest for
                  | the Orb.
     0 | D:1      | Reached XP level 1. HP: 7/7 MP: 4/4
   937 | D:1      | Reached XP level 2. HP: 10/12 MP: 3/6
  2471 | D:2      | Reached skill level 1 in Fighting
  2471 | D:2      | Reached XP level 3. HP: 12/15 MP: 0/7
  3257 | D:2      | Slain by a kobold

Illustrated notes

Levels and vault maps discovered:
D:1:      co_arrival_two_rings, layout_basic
D:2:      layout_basic, st_stairs_14, minmay_tripent

Skill      XL: |  1  2 |
---------------+-------+-----
Stealth        | 3 |  3.5
Dodging        | 3 |  3.4
Fighting       | 1 |  1.2
Spellcasting   | |  2.3
Summonings     | |  0.7
Necromancy     | |  4.2

Action                   || total
-------------------------++-------
Melee: Unarmed           ||     5
 Cast: Pain              ||    88
  Use: Scroll            ||     3
       Potion            ||     1
 Stab: Sleeping          ||     2
Armor: Skin              ||     3
Dodge: Dodged            ||    13

Table legend: (Time is in decaauts)
 A = Elapsed time spent in this place.
 B = Non-inter-level travel time spent in this place.
 C = Inter-level travel time spent in this place.
 D = Time resting spent in this place.
 E = Time spent auto-exploring this place.
 F = Levels seen in this place.
 G = Mean time per level.
                   A        B        C        D        E       F      G
               +--------+--------+--------+--------+--------+-----+--------+
         Total |   3055 |   2986 |     69 |   2067 |    532 |   2 | 1527.5 |
       Dungeon |   3055 |   2986 |     69 |   2067 |    532 |   2 | 1527.5 |
               +--------+--------+--------+--------+--------+-----+--------+

Top non-repeatable levels by time:
     D:1: 2175 daAuts
     D:2: 879 daAuts
